 Dungeon Crawl Stone Soup version 0.26.1-15-g04117e645d (webtiles) character file.

Game seed: 8246751238605655439

1601251 morax the Shatterer (level 27, 188/188 HPs)
             Began as a Gargoyle Fighter on Sept 26, 2023.
             Was an Initiate of Gozag.
             Escaped with the Orb
             ... and 3 runes on Sept 27, 2023!
             The game lasted 01:54:03 (79190 turns).

morax the Shatterer (Gargoyle Fighter)             Turns: 79190, Time: 01:54:04

Health: 188/188    AC: 57    Str: 40    XL:     27
Magic:  23/23      EV: 16    Int: 14    God:    Gozag
Gold:   279        SH: 19    Dex:  9    Spells: 26/26 levels left

rFire    + . .     SeeInvis .   b - +5 sacred scourge (holy)
rCold    + + .     Faith    .   c - +2 kite shield {rPois}
rNeg     + + .     Spirit   .   r - +6 plate armour {rC+}
rPois    ∞         Reflect  .   O - +5 hat of the Disturbing Teeth {Will+ Str+2}
rElec    +         Harm     .   I - scarf {rC+ rF+}
rCorr    .         Rampage  .   D - +2 pair of gloves {Str+3}
Will     +++..                  x - +1 pair of boots
Stlth    +.........             l - amulet of regeneration
HPRegen  0.81/turn              T - ring of Winter {Str+2 Slay+4}
MPRegen  0.18/turn              v - ring "Qoheckiju" {rN+ Str+5 Stlth+}

@: flying, studying Evocations
A: big wings, negative energy resistance 1, electricity resistance, unbreathing,
petrification resistance, miasma immunity, AC +20
0: Orb of Zot
}: 3/15 runes: decaying, serpentine, silver
a: Stop Flying, Renounce Religion, Potion Petition, Call Merchant, Bribe Branch


You escaped.
You worshipped Gozag.
Gozag was aware of your devotion.
You visited 10 branches of the dungeon, and saw 52 of its levels.
You also visited: Trove, Sewer, Ossuary, Bailey and Gauntlet.

You collected 35652 gold pieces.
You spent 11359 gold pieces at shops.
You paid 24014 gold pieces to Gozag.

Inventory:

Hand Weapons
 a - a +9 demon whip of electrocution
 b - a +5 sacred scourge of holy wrath (weapon)
Armour
 c - a +2 kite shield of poison resistance (worn)
 r - a +6 plate armour of cold resistance (worn)
 u - a +2 tower shield of reflection
 x - a +1 pair of boots (worn)
 D - a +2 pair of gloves of strength (worn)
 I - a scarf of resistance (worn)
 O - the +5 hat of the Disturbing Teeth (worn) {Will+ Str+2}
   (You found it on level 1 of the Lair of Beasts)

   It affects your strength (+2).
   It affects your willpower, your defense against some magical effects.
Jewellery
 l - an amulet of regeneration (around neck)
 v - the ring "Qoheckiju" (right hand) {rN+ Str+5 Stlth+}
   (You bought it in a shop on level 4 of the Depths)

   [ring of positive energy]

   It affects your strength (+5).
   It protects you from negative energy.
   It makes you more stealthy.
 R - the ring "Beatwiag" {Will+ Stlth+}
   (You bought it in a shop on level 4 of the Depths)

   [ring of stealth]

   It affects your willpower, your defense against some magical effects.
   It makes you more stealthy.
 T - the ring of Winter (left hand) {Str+2 Slay+4}
   (You bought it in a shop on level 3 of the Depths)

   [ring of slaying]

   It affects your strength (+2).
   It affects your accuracy and damage with ranged weapons and melee attacks
   (+4).
 U - the ring "Komiplin" {Will++ Str+2 Int+6 Dex+5}
   (You found it on level 5 of the Vaults)

   [ring of intelligence]

   It affects your strength (+2).
   It affects your intelligence (+6).
   It affects your dexterity (+5).
   It affects your willpower, your defense against some magical effects.
 V - the ring of Viwneadyja {rC+ rCorr}
   (You bought it in a shop on level 4 of the Depths)

   [ring of resist corrosion]

   It protects you from cold.
   It provides partial protection from all sources of acid and corrosion.
Wands
 e - a wand of enslavement (46)
 o - a wand of flame (127)
 q - a wand of polymorph (22)
 F - a wand of disintegration (28)
 G - a wand of iceblast (36)
 L - a wand of digging (4)
 N - a wand of paralysis (62)
 Z - a wand of acid (48) (quivered)
Scrolls
 d - 22 scrolls of identify
 j - 35 scrolls of remove curse
 p - 22 scrolls of teleportation
 t - 4 scrolls of torment
 y - 8 scrolls of magic mapping
 A - 6 scrolls of fear
 B - 16 scrolls of amnesia
 E - 8 scrolls of blinking
 H - 17 scrolls of fog
 K - 5 scrolls of holy word
 S - 3 scrolls of silence
Potions
 g - 24 potions of curing
 h - 3 potions of cancellation
 n - 5 potions of resistance
 s - 5 potions of might
 w - 7 potions of brilliance
 C - 5 potions of magic
 J - 6 potions of invisibility
 Q - 5 potions of ambrosia
 W - a potion of heal wounds
 X - 5 potions of haste
 Y - 4 potions of berserk rage
Books
 k - a manual of Evocations
 m - a manual of Evocations
Miscellaneous
 f - a box of beasts
 i - a lightning rod (4/4)
 z - a phantom mirror
 M - a tin of tremorstones (2/2)
 P - a condenser vane


   Skills:
 * Level 23.6 Fighting
 * Level 23.8 Maces & Flails
 + Level 18.7 Armour
 + Level 15.6 Dodging
 + Level 17.3 Stealth
 + Level 19.6 Shields
 + Level 18.6 Evocations


You had 26 spell levels left.
You didn't know any spells.
Your spell library contained the following spells:

 Spells                   Type           Power        Failure   Level
 Animate Skeleton         Necr           0%           65%         1
 Apportation              Tloc           0%           65%         1
 Beastly Appendage        Tmut           0%           65%         1
 Corona                   Hex            0%           65%         1
 Foxfire                  Conj/Fire      0%           65%         1
 Freeze                   Ice            0%           65%         1
 Magic Dart               Conj           0%           65%         1
 Pain                     Necr           0%           65%         1
 Sandblast                Erth           0%           65%         1
 Shock                    Conj/Air       0%           65%         1
 Sting                    Tmut/Pois      0%           65%         1
 Summon Small Mammal      Summ           0%           65%         1
 Call Imp                 Summ           0%           80%         2
 Corpse Rot               Necr/Air       N/A          80%         2
 Ensorcelled Hibernation  Hex/Ice        0%           80%         2
 Passwall                 Tmut/Erth      0%           80%         2
 Poisonous Vapours        Pois/Air       0%           80%         2
 Searing Ray              Conj           0%           80%         2
 Slow                     Hex            0%           80%         2
 Swiftness                Air            0%           80%         2
 Wereblood                Tmut           0%           80%         2
 Call Canine Familiar     Summ           0%           95%         3
 Conjure Flame            Conj/Fire      0%           95%         3
 Dazzling Flash           Conj/Hex       0%           95%         3
 Frozen Ramparts          Ice            0%           95%         3
 Ignite Poison            Fire/Tmut/Pois 0%           95%         3
 Inner Flame              Hex/Fire       0%           95%         3
 Mephitic Cloud           Conj/Pois/Air  0%           95%         3
 Ozocubu's Armour         Ice            0%           95%         3
 Portal Projectile        Hex/Tloc       0%           95%         3
 Spider Form              Tmut/Pois      0%           95%         3
 Static Discharge         Conj/Air       0%           95%         3
 Stone Arrow              Conj/Erth      0%           95%         3
 Summon Guardian Golem    Hex/Summ       0%           95%         3
 Vampiric Draining        Necr           0%           95%         3
 Airstrike                Air            0%           100%        4
 Animate Dead             Necr           0%           100%        4
 Cause Fear               Hex            0%           100%        4
 Dispel Undead            Necr           0%           100%        4
 Fulminant Prism          Conj/Hex       0%           100%        4
 Hailstorm                Conj/Ice       0%           100%        4
 Ice Form                 Ice/Tmut       0%           100%        4
 Iskenderun's Mystic Bla  Conj/Tloc      0%           100%        4
 Leda's Liquefaction      Hex/Erth       0%           100%        4
 Olgreb's Toxic Radiance  Pois           0%           100%        4
 Passage of Golubria      Tloc           N/A          100%        4
 Petrify                  Tmut/Erth      0%           100%        4
 Sticky Flame             Conj/Fire      0%           100%        4
 Summon Ice Beast         Ice/Summ       0%           100%        4
 Summon Lightning Spire   Summ/Air       0%           100%        4
 Agony                    Necr           0%           100%        5
 Alistair's Intoxication  Tmut/Pois      0%           100%        5
 Blade Hands              Tmut           0%           100%        5
 Bolt of Magma            Conj/Fire/Erth 0%           100%        5
 Borgnjor's Vile Clutch   Necr/Erth      0%           100%        5
 Excruciating Wounds      Necr           0%           100%        5
 Fireball                 Conj/Fire      0%           100%        5
 Irradiate                Conj/Tmut      0%           100%        5
 Lee's Rapid Deconstruct  Erth           0%           100%        5
 Lightning Bolt           Conj/Air       0%           100%        5
 Metabolic Englaciation   Hex/Ice        0%           100%        5
 Silence                  Hex/Air        0%           100%        5
 Yara's Violent Unravell  Hex/Tmut       0%           100%        5
 Death Channel            Necr           0%           100%        6
 Eringya's Noxious Bog    Tmut/Pois      0%           100%        6
 Freezing Cloud           Conj/Ice/Air   0%           100%        6
 Hydra Form               Tmut           0%           100%        6
 Invisibility             Hex            0%           100%        6
 Iron Shot                Conj/Erth      0%           100%        6
 Ozocubu's Refrigeration  Ice            0%           100%        6
 Simulacrum               Ice/Necr       0%           100%        6
 Dragon Form              Tmut           0%           100%        7
 Chain Lightning          Conj/Air       0%           100%        8
 Discord                  Hex            0%           100%        8
 Lehudib's Crystal Spear  Conj/Erth      0%           100%        8
 Necromutation            Tmut/Necr      0%           100%        8
 Absolute Zero            Ice            0%           100%        9
 Fire Storm               Conj/Fire      0%           100%        9
 Sublimation of Blood     Necr           Unusable     N/A         2
 Statue Form              Tmut/Erth      Unusable     N/A         6

Dungeon Overview and Level Annotations

Branches:
Dungeon (15/15)            Temple (0/1) D:5            Lair (6/6) D:8
  Swamp (4/4) Lair:2        Snake (4/4) Lair:4        Slime (0/5) Lair:5
    Orc (2/2) D:10            Elf (3/3) Orc:2        Vaults (5/5) D:14
  Crypt (3/3) Vaults:2       Tomb (0/3) Crypt:3      Depths (5/5) D:15
    Zot (5/5) Depths:5      Sewer (visited)         Ossuary (visited)
 Bailey (visited)         Gauntlet (visited)

Altars:
Ashenzari
Gozag
Kikubaaqudgha
Sif Muna
Vehumet
Yredelemnul
Zin
The Shining One
Beogh
Lugonu

Shops:
D:4 [   D:5 }   D:12 (}*[   Orc:1 (((   Orc:2 [(![   Elf:2 [   Elf:3 [
Snake:1 =   Snake:3 *[:*   Snake:4 *   Vaults:1 (*   Depths:2 (*   Depths:3 =
Depths:4 =*(:

Portals:
Hell: Depths:1 Depths:2 Depths:3 Depths:4 Depths:5
Abyss: Zot:2 Depths:4
Pandemonium: Depths:1 Depths:3 Depths:4
Ziggurat: Depths:5

Annotations:
Lair:3 2 transporters, exclusion: 2 oklob plants, Oluanan's ghost, journeyman DsFi
Depths:1 3 runed translucent doors, Cophel's ghost, adept TrMo
Zot:2 2 transporters, Rotoiruc's ghost, master PaFi
Zot:4 1 transporter


Innate Abilities, Weirdness & Mutations

You are resistant to torment.
Your stone body is resilient. (AC +20)
You are immune to poison.
Your large and strong wings let you fly indefinitely.
You resist negative energy. (rN+)
You are resistant to electric shocks. (rElec)
You can survive without breathing.
You are immune to petrification.
You are immune to miasma.


Message History

There is an open door here.
There is an open door here.
There is a stone staircase leading up here.
You fly upwards.
There is a stone staircase leading down here.
Aiming: Dig
Press: ? - help, Shift-Dir - straight line A rock wall.
This square is covered in magical glow.
The rock shatters into small pieces.
Aiming: Paralyse
Press: ? - help, Shift-Dir - straight line, f - you
Okay, then.
Aiming: Dig
Press: ? - help, Shift-Dir - straight line A rock wall.
This square is covered in magical glow.
The rock shatters into small pieces.
There is a staircase leading out of the dungeon here.
You have escaped!

.###.###..#..⌠.......#....#.###..
>.........##...#.#######.######..
.###.###.(.#####.# ### #..# .#
#.###..#.## ### ###.. .#
#......##.## #######....
.####.....###.## ##....#.....
......##.## ##.#### ##.##.....###
..######.## ##..(###..###...## #
..# #..# #..@..##..##.#..## # ..#
#### #.....#.#..###...###
..#######.# ##...####..# ##.....
.........## #..#####...# ##....
..#####.## #...###...## ##^.#
..#....## ###..#...## ####..
..#.###.## #....### ##..##. ..#.#
##.## ######### ##.#..#. ..#.#
##.###...## #### ##..##...


There were no monsters in sight!

Vanquished Creatures
  2 ancient liches
  Mennas (Depths:5)
  Mara (Snake:4)
  Margery (Depths:5)
  Vashnia (Snake:2)
  A Killer Klown (Zot:5)
  Saint Roka (Depths:2)
  A curse toe (Zot:4)
  Jory (Depths:5)
  3 caustic shrikes (Depths:5)
  Nikola (Vaults:2)
  6 golden dragons
  4 bone dragons
  5 liches
  An electric golem (Zot:1)
  Jorgrun (Snake:3)
  13 tentacled monstrosities
  4 quicksilver dragons
  2 deep elf blademasters (Elf:3)
  5 Orb Guardians
  A titan (Depths:3)
  7 ancient champions
  3 death cobs
  5 sphinxes
  5 tengu reavers
  2 deep elf master archers (Elf:3)
  Agnes (Snake:2)
  6 shadow dragons
  16 storm dragons
  A thorn hunter (Swamp:4)
  3 draconian monks
  Donald (Swamp:1)
  7 fire giants
  3 revenants
  7 frost giants
  9 nagarajas
  3 draconian knights (Zot:1)
  3 deep elf sorcerers (Elf:3)
  A draconian shifter (Zot:1)
  6 draconian scorchers
  2 curse skulls (Crypt:3)
  A black sun (Depths:4)
  13 vault wardens
  An angel (Depths:5)
  3 iron dragons
  An orc warlord (Orc:2)
  A caustic shrike zombie (Crypt:3)
  3 draconian stormcallers
  7 deep elf elementalists
  2 cacodemons
  2 ghouls
  A draconian annihilator (Zot:1)
  19 ironheart preservers
  22 stone giants
  A juggernaut skeleton (Crypt:3)
  A stone giant (shapeshifter) (Vaults:1)
  12 vampire knights
  35 very ugly things
  7 green draconians
  3 caustic shrike skeletons (Crypt:3)
  A lorocyproca (Depths:2)
  An entropy weaver (Vaults:4)
  5 purple draconians
  2 bunyips (Swamp:2)
  6 black draconians (Zot:1)
  6 deep elf demonologists
  A dire elephant (Lair:6)
  2 deep elf annihilators
  3 red draconians
  7 white draconians
  5 spark wasps
  4 yellow draconians
  A blizzard demon (Depths:1)
  6 ettins
  6 deep elf death magi
  5 eidola (Crypt:1)
  2 green deaths (Swamp:4)
  Josephine (Orc:2)
  10 fire dragons
  The ghost of kthxbai the Geomancer, a journeyman OpEE of Gozag (Lair:1)
  4 eleionomae
  4 deep elf high priests
  2 death oozes (Swamp:4)
  12 great orbs of eyes
  18 jiangshi
  16 yaktaur captains
  4 rakshasas
  2 quicksilver dragon skeletons (Crypt:3)
  2 hell beasts
  The ghost of Huthuggu the Basher, a journeyman DsFi of Okawaru (Orc:1)
  3 catoblepae
  4 spriggan air magi
  18 vault guards
  20 naga warriors
  20 hydras
  A ghost crab (Swamp:1)
  14 ice dragons
  13 boulder beetles
  7 anacondas
  17 centaur warriors
  3 death knights
  13 ogre magi
  38 two-headed ogres
  14 death yaks
  7 deep troll shamans
  6 tengu warriors
  8 deep troll earth magi
  13 alligators
  2 shock serpents (shapeshifter)
  10 vampire magi
  9 soul eaters (Crypt:1)
  10 shock serpents
  A storm dragon zombie (Vaults:4)
  22 naga sharpshooters
  A thrashing horror (Swamp:4)
  Sonja (D:12)
  4 spriggan berserkers
  A sun demon (Depths:5)
  26 deep elf knights
  2 sixfirhies (Depths:5)
  4 iron trolls
  37 skeletal warriors
  6 flayed ghosts
  4 shadow wraiths
  A golden dragon zombie (Crypt:2)
  2 salamander mystics
  19 hell knights
  A fire crab (shapeshifter) (D:15)
  7 goliath frogs
  The ghost of sixsigma the Conjurer, a novice GnCj of Gozag (D:7)
  6 titan skeletons
  A torturous demonspawn (Depths:4)
  5 spriggan druids
  27 deep trolls
  8 swamp dragons
  5 naga ritualists
  2 glowing orange brains
  4 unseen horrors
  6 wizards
  10 bog bodies
  9 deep elf archers
  2 harpies (Depths:4)
  2 infernal demonspawn
  A shadow demon (D:5)
  A tengu zombie (Depths:4)
  13 orc knights
  12 phantasmal warriors
  8 ironbrand convokers
  A wolf spider zombie (D:12)
  A golden dragon skeleton (Crypt:3)
  A lindwurm (Lair:6)
  53 deep elf magi
  20 necromancers
  9 wolf spiders
  An orc sorcerer (D:14)
  15 salamanders
  An anaconda skeleton (Crypt:3)
  A sphinx skeleton (Crypt:2)
  A faun (shapeshifter) (Depths:2)
  An eleionoma zombie (Crypt:3)
  5 will-o-the-wisps
  9 mana vipers
  58 ugly things
  8 cyclopes
  20 elephants
  5 manticores
  A manticore (shapeshifter) (Vaults:5)
  A shadow dragon skeleton (Crypt:3)
  A moth of wrath (shapeshifter) (Elf:3)
  A black mamba (shapeshifter) (Vaults:4)
  2 rust devils
  Maurice (D:10)
  43 black mambas
  2 guardian serpents (Snake:4)
  A dire elephant zombie (Crypt:1)
  5 orange demons
  A fire giant skeleton (Crypt:3)
  17 moths of wrath
  34 naga magi
  11 vault sentinels
  A smoke demon (Depths:1)
  An iron dragon skeleton (Crypt:3)
  8 cane toads
  A pale draconian zombie (Crypt:3)
  3 rime drakes (shapeshifter)
  A gargoyle (D:14)
  2 yaktaur zombies
  A catoblepas zombie (Crypt:1)
  A spriggan skeleton (Depths:4)
  58 yaktaurs
  5 rime drakes
  8 komodo dragons
  A komodo dragon (shapeshifter) (Depths:4)
  2 demonic crawlers (Elf:2)
  A kobold demonologist (D:13)
  9 freezing wraiths
  3 tengu conjurers
  A queen bee (shapeshifter) (Vaults:1)
  8 trolls
  2 tormentors
  A grey draconian skeleton (Crypt:3)
  4 bloated husks
  A polar bear (shapeshifter) (Vaults:4)
  A merfolk (shapeshifter) (Depths:5)
  11 polar bears
  2 sea snake skeletons
  8 hornets
  2 sphinx simulacra
  An ettin zombie (Crypt:3)
  A jumping spider (shapeshifter) (Depths:2)
  5 tyrant leeches
  A jumping spider zombie (Crypt:2)
  A wolf spider simulacrum (Crypt:1)
  2 hydra skeletons (Crypt:3)
  An alligator zombie (Crypt:1)
  19 slime creatures
  2 dream sheep (Lair:6)
  5 blink frogs (Lair:5)
  An ice dragon zombie (Crypt:1)
  A fire dragon zombie (Crypt:1)
  2 raiju (Lair:6)
  2 ettin skeletons (Crypt:3)
  2 alligator skeletons (Crypt:1)
  19 shadows
  6 flying skulls
  A redback (Vaults:4)
  7 spriggans
  A black mamba zombie (Crypt:1)
  A fire dragon skeleton (Crypt:3)
  3 air elementals
  A wyvern (shapeshifter) (Depths:3)
  A black mamba skeleton (Crypt:3)
  Grum (D:11)
  4 water elementals (D:13)
  4 wyverns
  A tarantella (Vaults:4)
  A ynoxinul (Depths:1)
  A fire elemental (Elf:1)
  A human (D:14)
  58 yaks
  9 wraiths
  A tyrant leech zombie (Crypt:1)
  9 basilisks
  2 chaos spawn
  A steam dragon (D:12)
  18 vampire mosquitoes
  The ghost of Sapher the Chiller, an amateur DgIE (D:4)
  Menkaure (D:5)
  14 swamp worms
  17 wargs
  58 nagas
  A merfolk zombie (Crypt:2)
  12 water moccasins
  A faun zombie (Crypt:2)
  3 acid dragons
  A floating eye (shapeshifter) (D:10)
  A floating eye (Depths:3)
  14 hell hounds
  A merfolk skeleton (Crypt:1)
  A swamp drake (shapeshifter) (Vaults:4)
  A black bear (shapeshifter) (D:13)
  63 orc warriors
  3 ice beasts
  A cane toad skeleton (Crypt:3)
  15 black bears
  An ettin simulacrum (Vaults:2)
  A manticore zombie (Crypt:1)
  A sky beast (D:13)
  40 ogres
  4 boggarts (Depths:1)
  An eye of draining (D:10)
  2 necrophages
  2 phantoms (D:11)
  33 wolves
  3 elf skeletons
  48 centaurs
  2 human skeletons (Vaults:4)
  A manticore skeleton (Crypt:3)
  A rime drake zombie (Crypt:1)
  2 big kobolds
  Blork the orc (D:5)
  2 elf zombies (Ossuary)
  A salamander zombie (Crypt:3)
  A gnoll sergeant (D:8)
  20 bullfrogs
  An earth elemental (Elf:1)
  A wyvern skeleton (D:14)
  An elf simulacrum (Vaults:2)
  14 killer bees
  A yak skeleton (Crypt:3)
  17 wights
  3 electric eels
  3 human simulacra
  A bullfrog zombie (D:5)
  5 hounds
  A bullfrog skeleton (D:5)
  2 human zombies (Ossuary)
  A quasit (D:10)
  6 centaur zombies
  2 jellies
  18 orc priests
  21 orc wizards
  4 centaur skeletons
  2 iguanas
  A black bear skeleton (Crypt:2)
  10 worker ants
  2 killer bee zombies (D:8)
  A felid zombie (Crypt:1)
  An acid dragon skeleton (Crypt:1)
  A dwarf skeleton (Crypt:1)
  An ogre skeleton (Crypt:3)
  A hound zombie (D:10)
  A hound skeleton (D:6)
  4 mummies (Ossuary)
  A howler monkey zombie (D:10)
  A howler monkey skeleton (D:10)
  10 gnolls
  4 river rats
  11 adders
  A shadow imp (Depths:2)
  4 white imps
  6 ufetubi
  8 oozes
  An adder zombie (Ossuary)
  An iguana zombie (Crypt:2)
  8 worms
  2 dart slugs
  5 leopard geckos
  108 orcs
  7 giant cockroaches
  A gnoll zombie (Ossuary)
  10 goblins
  9 hobgoblins
  16 jackals
  8 quokkas
  A ball python (D:5)
  15 bats
  13 frilled lizards
  4 goblin zombies
  A hobgoblin zombie (Ossuary)
  2 jackal skeletons (D:4)
  2 jackal zombies (Ossuary)
  38 kobolds
  A kobold zombie (Ossuary)
  A leopard gecko zombie (D:5)
  9 rats
  A butterfly (Lair:4)
2422 creatures vanquished.

Vanquished Creatures (collateral kills)
  2 Killer Klowns (Zot:5)
  A curse toe (Zot:5)
  4 golden dragons
  An electric golem (Zot:5)
  A tentacled monstrosity (Zot:5)
  10 Orb Guardians (Zot:5)
  A sphinx (Vaults:5)
  A quicksilver dragon (Zot:3)
  A death cob (Zot:5)
  A tengu reaver (Vaults:5)
  2 shadow dragons
  3 storm dragons
  A draconian monk (Zot:5)
  A fire giant (Vaults:5)
  2 frost giants (Vaults:5)
  A draconian scorcher (Zot:4)
  A cacodemon (Zot:2)
  A war gargoyle (Vaults:5)
  A draconian annihilator (Zot:3)
  2 stone giants (Vaults:5)
  A reaper (Zot:5)
  A red draconian (Zot:5)
  A deep elf annihilator (Vaults:5)
  A white draconian (Zot:5)
  A purple draconian (Zot:5)
  2 ettins (Vaults:5)
  A crystal guardian (Zot:2)
  4 vault guards (Vaults:5)
  A boulder beetle (Vaults:5)
  A two-headed ogre (Vaults:5)
  A moth of wrath (Zot:3)
  2 yaktaurs (Vaults:5)
  A worker ant (shapeshifter) (Vaults:5)
56 creatures vanquished.

Vanquished Creatures (others)
  2 ancient liches
  A Killer Klown (Zot:5)
  A golden dragon (Zot:5)
  A profane servitor (Zot:2)
  A lich (Vaults:5)
  5 Orb Guardians (Zot:5)
  3 tentacled monstrosities
  A quicksilver dragon (Zot:5)
  2 titans (Vaults:5)
  A death cob (Zot:4)
  A draconian monk (Zot:4)
  A storm dragon (Zot:2)
  2 tengu reavers (Vaults:5)
  A fire giant (Depths:2)
  2 vault wardens (Vaults:5)
  3 draconian scorchers
  2 draconian knights
  6 draconian shifters
  A deep elf sorcerer (Vaults:5)
  3 draconian stormcallers
  2 draconian annihilators
  An ironheart preserver (Vaults:5)
  2 stone giants (Vaults:5)
  4 purple draconians
  A very ugly thing (Vaults:5)
  2 green draconians (Zot:1)
  A red draconian (Zot:1)
  2 yellow draconians
  3 white draconians
  A crystal guardian (Zot:2)
  3 yaktaur captains (Vaults:5)
  A deep elf high priest (Vaults:5)
  A great orb of eyes (Vaults:5)
  17 vault guards (Vaults:5)
  A ghost crab (Swamp:2)
  22 dancing weapons
  A spriggan (Swamp:2)
  A deep troll (Vaults:5)
  A glowing orange brain (Vaults:5)
  2 ironbrand convokers (Vaults:5)
  A phantasmal warrior (Vaults:5)
  2 deep elf magi
  A moth of wrath (Zot:5)
  A vault sentinel (Vaults:5)
  A yaktaur (Vaults:5)
  3 bloated husks
  A hornet (Swamp:2)
  2 water elementals (Elf:1)
  A swamp worm (Swamp:2)
  2 centaurs
  A boggart (Depths:1)
  A howler monkey skeleton (D:10)
  2 briar patches (Swamp:4)
  26 foxfires
  24 fungi
  33 plants
211 creatures vanquished.

Grand Total: 2689 creatures vanquished

Notes
Turn   | Place    | Note
-------+----------+-------------------------------------------
     0 | D:1      | morax the Gargoyle Fighter began the quest for the Orb.
     0 | D:1      | Reached XP level 1. HP: 14/14 MP: 1/1
   152 | D:1      | Reached XP level 2. HP: 19/19 MP: 2/2
   490 | D:1      | Reached XP level 3. HP: 22/23 MP: 3/3
  1417 | D:2      | Reached XP level 4. HP: 28/28 MP: 4/4
  2229 | D:3      | Reached skill level 5 in Maces & Flails
  2229 | D:3      | Reached XP level 5. HP: 23/32 MP: 5/5
  2295 | D:3      | Found an opulent altar of Gozag.
  2580 | D:3      | Found a glowing drain.
  2587 | Sewer    | Entered a sewer
  3059 | Sewer    | Reached XP level 6. HP: 37/37 MP: 6/6
  3578 | D:4      | Found Zin's Purification Station.
  3580 | D:4      | Found a glowing silver altar of Zin.
  3586 | D:4      | Bought a potion of curing for 90 gold pieces
  3589 | D:4      | Found Cutsuhah's Antique Armour Boutique.
  3861 | D:4      | You fall into a shaft and drop 1 floor!
  3861 | D:5      | Entered Level 5 of the Dungeon
  3861 | D:5      | Found an opulent altar of Gozag.
  3882 | D:5      | Noticed Blork the orc
  3891 | D:5      | Killed Blork the orc
  3958 | D:5      | Reached XP level 7. HP: 41/41 MP: 7/7
  3961 | D:5      | Found a sand-covered staircase.
  3978 | Ossuary  | Entered an ossuary
  4300 | D:5      | Became a worshipper of Gozag Ym Sagoz the Greedy
  4360 | D:5      | Found Aptaunu's Gadget Boutique.
  4370 | D:5      | Reached XP level 8. HP: 34/46 MP: 8/8
  4694 | D:5      | Found a staircase to the Ecumenical Temple.
  5085 | D:5      | Noticed Menkaure
  5091 | D:5      | Killed Menkaure
  5276 | D:4      | Identified the +2 leather armour of Muttered Phrases
                  | {Int+3}
  5329 | D:4      | Found a broken altar of Ashenzari.
  5329 | D:4      | Found a glowing golden altar of the Shining One.
  5434 | D:4      | Reached skill level 1 in Evocations
  5529 | D:4      | Found a runed translucent gate.
  5538 | D:4      | Found a runed translucent gate.
  5538 | D:4      | Noticed Sapher's ghost (amateur DgIE)
  5539 | D:4      | Found a runed translucent gate.
  5540 | D:4      | Identified the +3 short sword of the Wary Yaks {venom, rF+
                  | rN+++ Str+3 Dex-5}
  5687 | D:6      | Reached skill level 1 in Dodging
  6332 | D:7      | Noticed a two-headed ogre
  6339 | D:7      | Killed a two-headed ogre
  6340 | D:7      | Reached skill level 10 in Maces & Flails
  6340 | D:7      | Reached XP level 9. HP: 37/52 MP: 9/9
  6508 | D:7      | Found a flagged portal.
  6514 | Bailey   | Entered a bailey
  6640 | Bailey   | Reached skill level 5 in Fighting
  6714 | Bailey   | Reached skill level 5 in Armour
  6714 | Bailey   | Reached skill level 5 in Shields
  7361 | D:7      | Found a large runed translucent door.
  7361 | D:7      | Found a large runed translucent door.
  7364 | D:7      | Noticed sixsigma's ghost (novice GnCj)
  7531 | D:8      | You fall into a shaft and drop 3 floors!
  7537 | D:11     | Reached XP level 10. HP: 59/59 MP: 10/10
  7596 | D:10     | Entered Level 10 of the Dungeon
  7656 | D:11     | Found a gate leading to a gauntlet.
  7662 | Gauntlet | Entered a Gauntlet
  7662 | Gauntlet | Found a transporter.
  7662 | Gauntlet | Found a transporter.
  7662 | Gauntlet | Noticed a moth of wrath
  7662 | Gauntlet | Noticed a death yak
  7662 | Gauntlet | Noticed a death yak
  7662 | Gauntlet | Noticed a death yak
  7662 | Gauntlet | Noticed a death yak
  7662 | Gauntlet | Noticed a death yak
  7664 | Gauntlet | Noticed a necromancer
  7665 | Gauntlet | Noticed a death yak
  7670 | Gauntlet | Found a transporter.
  7673 | Gauntlet | Found a transporter.
  7681 | Gauntlet | Noticed an entropy weaver
  7683 | Gauntlet | Found a transporter.
  7748 | Gauntlet | Found a transporter.
  7760 | Gauntlet | Found a transporter.
  7771 | Gauntlet | Noticed a death ooze
  7774 | Gauntlet | Found a transporter.
  7786 | Gauntlet | Noticed a shining eye
  7790 | Gauntlet | Found a transporter.
  7799 | Gauntlet | Found a transporter.
  7805 | Gauntlet | Found a transporter.
  7826 | Gauntlet | Found a transporter.
  7995 | D:9      | Noticed a two-headed ogre
  8002 | D:9      | Killed a two-headed ogre
  8040 | D:8      | Noticed a death yak
  8083 | D:8      | Noticed a death yak
  8084 | D:8      | Noticed a death yak
  8103 | D:8      | Killed a death yak
  8112 | D:8      | Killed a death yak
  8124 | D:8      | Killed a death yak
  8208 | D:8      | Reached XP level 11. HP: 66/66 MP: 11/11
  8340 | D:8      | Found a staircase to the Lair.
  9116 | Lair:1   | Entered Level 1 of the Lair of Beasts
  9403 | Lair:1   | Noticed a boulder beetle
  9542 | Lair:1   | Found a transporter.
  9550 | Lair:1   | Found a transporter.
  9554 | Lair:1   | Noticed kthxbai's ghost (journeyman OpEE)
  9555 | Lair:1   | Noticed a moth of wrath
 10101 | D:4      | Bought a runed buckler for 142 gold pieces
 10256 | Lair:2   | Reached skill level 5 in Evocations
 10496 | Lair:2   | Found a staircase to the Swamp.
 10575 | Lair:2   | Got an ebony whip
 10575 | Lair:2   | Identified the +7 whip of Empyim {vorpal, SInv} (You found
                  | it on level 2 of the Lair of Beasts)
 11274 | Lair:3   | Reached XP level 12. HP: 70/73 MP: 12/12
 11485 | Lair:3   | Noticed an eight-headed hydra
 11498 | Lair:3   | Killed an eight-headed hydra
 11565 | Lair:3   | Noticed Oluanan's ghost (journeyman DsFi)
 11635 | Lair:3   | Noticed a catoblepas
 11651 | Lair:3   | Killed a catoblepas
 12051 | Lair:3   | Noticed an eight-headed hydra
 12065 | Lair:3   | Killed an eight-headed hydra
 12149 | Lair:3   | Found a transporter.
 12149 | Lair:3   | Found a transporter.
 12157 | Lair:3   | Identified the +5 trident "Meirpheu" {distort, Int+2}
 12164 | Lair:3   | Noticed a cacodemon
 12404 | Lair:4   | Found a staircase to the Snake Pit.
 13392 | Lair:5   | Reached XP level 13. HP: 64/80 MP: 13/13
 13569 | Lair:5   | Reached skill level 10 in Fighting
 13569 | Lair:5   | Reached skill level 10 in Armour
 13569 | Lair:5   | Reached skill level 10 in Shields
 14038 | Lair:5   | Found a staircase to the Slime Pits.
 14381 | Lair:6   | Entered Level 6 of the Lair of Beasts
 15524 | Lair:6   | Gained mutation: Your large and strong wings let you fly
                  | indefinitely. [Gargoyle growth]
 15524 | Lair:6   | Reached XP level 14. HP: 90/90 MP: 14/14
 16027 | Lair:6   | Reached skill level 5 in Dodging
 16739 | Lair:6   | Noticed a dire elephant
 16797 | Lair:6   | Killed a dire elephant
 16981 | Lair:6   | Reached skill level 15 in Maces & Flails
 18944 | D:10     | Found a roughly hewn altar of Beogh.
 18944 | D:10     | Found a staircase to the Orcish Mines.
 19304 | D:10     | Noticed Maurice
 19314 | D:10     | Killed Maurice
 19689 | D:11     | You are sucked into a shaft and drop 3 floors!
 19897 | D:14     | Reached XP level 15. HP: 96/96 MP: 15/15
 20005 | D:14     | Reached skill level 1 in Stealth
 20093 | D:14     | Identified the Tome of Hexes
 21376 | D:12     | Found Wearuv's Armour Shoppe.
 21386 | D:12     | Found Fatwyozoco's Assorted Antiques.
 21416 | D:12     | Bought an iron ring for 145 gold pieces
 21416 | D:12     | Bought a condenser vane for 1160 gold pieces
 21501 | D:12     | Found Attiz's Gadget Shoppe.
 21521 | D:12     | Found Wewuohem's Weapon Emporium.
 21686 | D:12     | Noticed Sonja
 21710 | D:12     | Killed Sonja
 22410 | D:11     | Noticed Grum
 22428 | D:11     | Killed Grum
 23344 | D:14     | Found a gate to the Vaults.
 23553 | D:15     | Entered Level 15 of the Dungeon
 24091 | Orc:1    | Entered Level 1 of the Orcish Mines
 24560 | Orc:1    | Found a transporter.
 24623 | Orc:1    | Identified the +8 great mace "Tontuog" {protect, +Fly rPois
                  | Str-4 Int+9}
 24623 | Orc:1    | Noticed Huthuggu's ghost (journeyman DsFi)
 24629 | Orc:1    | Found a transporter.
 24831 | D:15     | Got a dazzling mace
 24868 | D:14     | Identified the +1 mace "Labyrhaj" {pain, Str+3} (You found
                  | it on level 15 of the Dungeon)
 25017 | Orc:1    | Bought a runed broad axe for 196 gold pieces
 25017 | Orc:1    | Bought a smouldering flail for 238 gold pieces
 25022 | Orc:1    | Identified the +9 flail "Iminuek" {venom, rElec Str-5 SInv}
                  | (You bought it in a shop on level 1 of the Orcish Mines)
 25025 | Orc:1    | Bought the +10 broad axe of Prudence {flame, rF++} for 1062
                  | gold pieces
 25030 | Orc:1    | Bought a +2 demon whip of venom for 390 gold pieces
 25054 | Orc:2    | Entered Level 2 of the Orcish Mines
 25503 | Orc:2    | Found Zoski's Distillery.
 25503 | Orc:2    | Found Lirghudghi's Weapon Shop.
 25503 | Orc:2    | Found Qohubeum's Antique Armour Boutique.
 25506 | Orc:2    | Found Irchid's Antique Armour Emporium.
 25510 | Orc:2    | Bought a potion of heal wounds for 70 gold pieces
 25510 | Orc:2    | Bought a potion of heal wounds for 70 gold pieces
 25513 | Orc:2    | Bought a runed helmet for 247 gold pieces
 25575 | Orc:2    | Noticed an orc warlord
 25579 | Orc:2    | Noticed Josephine
 25594 | Orc:2    | Killed an orc warlord
 25595 | Orc:2    | Reached XP level 16. HP: 104/104 MP: 16/16
 25606 | Orc:2    | Killed Josephine
 25621 | Orc:2    | Found a staircase to the Elven Halls.
 26112 | Swamp:1  | Entered Level 1 of the Swamp
 26116 | Swamp:1  | Noticed Donald
 26181 | Swamp:1  | Killed Donald
 27275 | Swamp:2  | Reached skill level 5 in Stealth
 29745 | Swamp:3  | Reached XP level 17. HP: 111/111 MP: 17/17
 30033 | Swamp:4  | Entered Level 4 of the Swamp
 30738 | Swamp:4  | Identified the Papyrus of Toxic Sinister Rites
 31634 | Swamp:4  | Got a decaying rune of Zot
 31823 | Snake:1  | Entered Level 1 of the Snake Pit
 31929 | Snake:1  | Found Lick's Jewellery Boutique.
 32347 | Snake:1  | You are sucked into a shaft and drop 1 floor!
 32680 | Snake:1  | Reached skill level 15 in Fighting
 32792 | Snake:2  | Noticed Agnes
 32801 | Snake:2  | Killed Agnes
 32802 | Snake:2  | Reached XP level 18. HP: 104/119 MP: 18/18
 33101 | Snake:2  | Identified a scroll of acquirement
 33102 | Snake:2  | Acquired a manual of Evocations
 33265 | Snake:2  | Noticed Vashnia
 33287 | Snake:2  | Killed Vashnia
 33389 | Snake:2  | Found a radiant altar of Vehumet.
 33871 | Snake:3  | Reached skill level 10 in Evocations
 34147 | Snake:3  | Found Omianech's Assorted Antiques.
 34147 | Snake:3  | Found Decar's Assorted Antiques.
 34148 | Snake:3  | Found Gowit's Book Emporium.
 34150 | Snake:3  | Found Ucleirib's Armour Shoppe.
 34226 | Snake:3  | Bought a potion of heal wounds for 175 gold pieces
 34226 | Snake:3  | Bought a scroll of teleportation for 105 gold pieces
 34236 | Snake:3  | Bought a square amethyst amulet for 200 gold pieces
 34336 | Snake:3  | Noticed Jorgrun
 34341 | Snake:3  | Killed Jorgrun
 34703 | Snake:4  | Entered Level 4 of the Snake Pit
 35291 | Snake:4  | Reached XP level 19. HP: 125/125 MP: 19/19
 35726 | Snake:4  | Reached skill level 15 in Shields
 35834 | Snake:4  | Found Zyixyshi's Assorted Antiques.
 35844 | Snake:4  | Bought a shiny helmet for 247 gold pieces
 35931 | Snake:4  | Noticed Mara
 35945 | Snake:4  | Noticed morax's illusion
 35947 | Snake:4  | Killed Mara
 36365 | Snake:4  | Got a serpentine rune of Zot
 36922 | Vaults:1 | Entered Level 1 of the Vaults
 37182 | Vaults:1 | Found Lient's Assorted Antiques.
 37185 | Vaults:1 | Bought a scroll of enchant weapon for 292 gold pieces
 37890 | Vaults:1 | Acquired a manual of Dodging
 37936 | Vaults:1 | Reached skill level 10 in Stealth
 38577 | Vaults:1 | Reached XP level 20. HP: 118/132 MP: 20/20
 38793 | Vaults:1 | Found Ysorroxa's Weapon Emporium.
 39265 | Vaults:2 | Found a staircase to the Crypt.
 39265 | Vaults:2 | Found an ancient bone altar of Kikubaaqudgha.
 39265 | Vaults:2 | Found a basalt altar of Yredelemnul.
 40308 | Vaults:2 | Reached skill level 10 in Dodging
 40443 | Vaults:2 | Found a portal to a secret trove of treasure.
 41216 | D:12     | Bought a scroll of enchant weapon for 217 gold pieces
 42393 | Vaults:2 | Paralysed by an ogre mage for 5 turns
 42964 | Vaults:2 | Noticed Nikola
 43034 | Vaults:2 | Killed Nikola
 43828 | Vaults:3 | Reached XP level 21. HP: 140/140 MP: 21/21
 46914 | Vaults:4 | Reached skill level 15 in Armour
 47347 | Vaults:4 | Reached XP level 22. HP: 135/148 MP: 22/22
 47694 | Vaults:5 | Entered Level 5 of the Vaults
 47888 | Vaults:5 | Identified Kikubaaqudgha's Almanac of Necromancy
 48081 | Vaults:5 | Identified the ring "Komiplin" {Will++ Str+2 Int+6 Dex+5}
 48340 | Vaults:5 | Identified the cursed +1 halberd of the Assorted Lovers
                  | {vorpal, Will+ MP-9 Int+4}
 48489 | Vaults:5 | Identified the +6 halberd of Ceunlits {protect, rF++ Will+
                  | Str+4}
 48657 | Vaults:5 | Got a silver rune of Zot
 48992 | Vaults:5 | Found the +8 mithril axe "Arga" {speed, Will+}
 50291 | D:15     | Found a staircase to the Depths.
 50465 | Depths:1 | Entered Level 1 of the Depths
 50480 | Depths:1 | Found a gateway to Hell.
 51472 | Depths:1 | Found a runed translucent gate.
 51576 | Depths:1 | Found the +6 Majin-Bo {vamp, MP+6 Int+6}
 51576 | Depths:1 | Found a runed translucent gate.
 51576 | Depths:1 | Found a runed translucent gate.
 51648 | Depths:1 | Found a one-way gate leading to the halls of Pandemonium.
 52059 | D:7      | Killed sixsigma's ghost
 52207 | D:4      | Killed Sapher's ghost
 52416 | Lair:1   | Killed kthxbai's ghost
 52428 | Lair:1   | Identified the +5 hat of the Disturbing Teeth {Will+ Str+2}
                  | (You found it on level 1 of the Lair of Beasts)
 52759 | Orc:1    | Reached XP level 23. HP: 155/155 MP: 23/23
 52774 | Orc:1    | Killed Huthuggu's ghost
 54386 | Depths:2 | Bought a phantom mirror for 840 gold pieces
 54386 | Depths:2 | Bought a potion of curing for 63 gold pieces
 54386 | Depths:2 | Bought a scroll of identify for 42 gold pieces
 54386 | Depths:2 | Bought a scroll of identify for 42 gold pieces
 54386 | Depths:2 | Bought 2 scrolls of identify for 84 gold pieces
 54398 | Depths:2 | Noticed Saint Roka
 54467 | Depths:2 | Killed Saint Roka
 54787 | Depths:2 | Reached skill level 15 in Evocations
 55517 | Elf:1    | Entered Level 1 of the Elven Halls
 55795 | Elf:1    | Found a radiant altar of Vehumet.
 56915 | Elf:2    | Found Gichel's Antique Armour Shop.
 56924 | Elf:2    | Reached XP level 24. HP: 158/162 MP: 23/23
 56974 | Elf:2    | Found a runed translucent gate.
 56975 | Elf:2    | Found a runed translucent gate.
 56992 | Elf:2    | Found a runed translucent gate.
 58107 | Elf:3    | Entered Level 3 of the Elven Halls
 58840 | Elf:3    | Identified the +1 halberd of Equivalence {freeze, rF+}
 58854 | Elf:3    | Identified the cursed +1 great sword "Hios" {vorpal, rN+}
 58854 | Elf:3    | Identified the amulet "Nunkast" {Spirit rElec rPois rN++
                  | Str-5}
 58862 | Elf:3    | Identified the +6 lajatang "Fazuceyl" {vorpal, Fragile +Fly
                  | rPois Int+4}
 59457 | Vaults:2 | You paid a toll of a +6 demon trident to enter a treasure
                  | trove
 59458 | Trove    | Entered a treasure trove
 59491 | Trove    | Identified the +2 buckler of Focawn {rPois Str-5 SInv
                  | Stlth+} (You found it in a treasure trove)
 59517 | Trove    | Identified the amulet "Needdoick" {Inacc rF++} (You found
                  | it in a treasure trove)
 59562 | Trove    | Identified the +3 robe of Qeloh {*Slow +Inv Int+5} (You
                  | found it in a treasure trove)
 59564 | Trove    | Identified the +0 ring mail "Dimeniro" {Str+3} (You found
                  | it in a treasure trove)
 60040 | Elf:3    | Found Kifyhuof's Antique Armour Shoppe.
 60560 | Elf:3    | Identified the +4 glaive "Daseman" {flame, rElec rC+ rN+}
 62528 | Depths:3 | Bought the ring of Winter {Str+2 Slay+4} for 1694 gold
                  | pieces
 62530 | Depths:3 | Paralysed by a floating eye for 2 turns
 63242 | Depths:3 | Reached XP level 25. HP: 162/169 MP: 23/23
 63856 | Depths:4 | Noticed an ancient lich
 64020 | Depths:3 | Paralysed by an ancient lich for 3 turns
 64036 | Depths:3 | Killed an ancient lich
 64087 | Depths:4 | Identified the Volume of Supportive Confrontation
 64176 | Depths:4 | Found Etiwysah's Book Shoppe.
 64179 | Depths:4 | Bought a manual of Evocations for 2318 gold pieces
 64193 | Depths:4 | Found Ygule's Weapon Shop.
 65332 | Depths:4 | Found Vasoqen's Assorted Antiques.
 65402 | Depths:4 | Found Wudodoe's Jewellery Shop.
 65409 | Depths:4 | Bought a heavily runed lead ring for 205 gold pieces
 65409 | Depths:4 | Identified the ring "Qoheckiju" {rN+ Str+5 Stlth+} (You
                  | bought it in a shop on level 4 of the Depths)
 65419 | Depths:4 | Found a corrupted altar of Lugonu.
 65423 | Depths:4 | Bought the ring "Beatwiag" {Will+ Stlth+} for 481 gold
                  | pieces
 65423 | Depths:4 | Bought the ring of Viwneadyja {rC+ rCorr} for 544 gold
                  | pieces
 65428 | Depths:4 | Found a one-way gate to the infinite horrors of the Abyss.
 65540 | Depths:5 | Entered Level 5 of the Depths
 65540 | Depths:5 | Noticed Margery
 65637 | Depths:5 | Noticed Jory
 65647 | Depths:5 | Killed Jory
 65689 | Depths:5 | Reached skill level 15 in Stealth
 65934 | Depths:5 | Found a gateway to a ziggurat.
 65969 | Depths:5 | Noticed Mennas
 66002 | Depths:5 | Killed Mennas
 66203 | Depths:5 | Reached XP level 26. HP: 158/177 MP: 23/23
 66311 | Depths:5 | Killed Margery
 66894 | Depths:5 | Found a gate to the Realm of Zot.
 67040 | Zot:1    | Entered Level 1 of the Realm of Zot
 69297 | Zot:1    | Acquired a manual of Evocations
 69400 | Zot:2    | Found a transporter.
 69534 | Zot:2    | Noticed a Killer Klown
 69833 | Zot:2    | Noticed Rotoiruc's ghost (master PaFi)
 69848 | Zot:2    | Identified the +9 demon trident of Haevenor {distort, rPois
                  | rF- Str+5 Int+4}
 69918 | Zot:2    | Noticed an ancient lich
 69933 | Zot:2    | Killed an ancient lich
 70328 | Zot:2    | Identified the ring of Doubts {+Blink Stlth+}
 70349 | Zot:2    | Found a transporter.
 70464 | Zot:3    | Found a shimmering blue altar of Sif Muna.
 71194 | Zot:3    | Reached XP level 27. HP: 163/184 MP: 23/23
 71626 | Zot:4    | Noticed an ancient lich
 71681 | Zot:4    | Killed an ancient lich
 72193 | Zot:4    | Found a radiant altar of Vehumet.
 72197 | Zot:4    | Found a transporter.
 72204 | Zot:4    | Identified the amulet "Izurikeu" {RegenMP rPois Will+ Int-2
                  | Slay+3}
 72699 | Zot:5    | Entered Level 5 of the Realm of Zot
 73333 | Zot:2    | Acquired 754 gold pieces
 73663 | Crypt:1  | Entered Level 1 of the Crypt
 74034 | Crypt:1  | Reached skill level 15 in Dodging
 74644 | Crypt:1  | Identified Kikubaaqudgha's Tome of Evil Arts
 75485 | Crypt:3  | Entered Level 3 of the Crypt
 76128 | Crypt:3  | Found a staircase to the Tomb.
 76328 | Crypt:3  | Identified Gloorx Vloq's Tome of Necromancy
 77146 | Crypt:3  | Noticed an ancient lich
 77158 | Crypt:3  | Killed an ancient lich
 77183 | Crypt:3  | Got a fine glass ring
 77201 | Crypt:3  | Identified the ring "Gifaamish" {rPois rC+ rN+ Str+2
                  | Stlth+} (You found it on level 3 of the Crypt)
 78054 | Depths:1 | Found a runed translucent gate.
 78054 | Depths:1 | Found a runed translucent gate.
 78058 | Depths:1 | Noticed Cophel's ghost (adept TrMo)
 78059 | Depths:1 | Found a runed translucent gate.
 78337 | Zot:5    | Noticed an ancient lich
 78337 | Zot:5    | Noticed an orb of fire
 78337 | Zot:5    | Noticed an orb of fire
 78399 | Zot:5    | Got the Orb of Zot
 78438 | Zot:5    | Noticed Omesh the pandemonium lord
 78438 | Zot:5    | Noticed an ancient lich
 78876 | D:13     | Noticed a seraph
 79190 | D:$      | Escaped with the Orb!

Illustrated notes

Levels and vault maps discovered:
D:1:      dpeg_cavernosity, layout_loops_ring
D:2:      layout_loops_corners
D:3:      layout_basic, lightli_sewer_entry_pipes, grunt_ministairs_7,
          grunt_gozag_statues
D:4:      layout_loops_ring, zin_purify, amethyst_overflow_temple_binary,
          gammafunk_ghost_nasty_kobolds, serial_shops, nicolae_shop_statue_plus
D:5:      layout_basic, old_standard_altar, temple_green, enter_ossuary_4,
          kennysheep_small_square, uniq_blork_the_orc, uniq_menkaure
D:6:      layout_loops_cross
D:7:      layout_rooms, ebering_ghost_disaster_area, enter_bailey_3
D:8:      layout_basic, dpeg_lair_monsters
D:9:      layout_grid_maze, nrook_loot_triangle
D:10:     layout_stronghold, david_orc_5, wad_scary_box, uniq_maurice
D:11:     layout_loops_ring, gauntlet_entry_generic, uniq_grum
D:12:     layout_gridville, serial_shops, shop, nicolae_shop_stone, shop,
          nicolae_shop_overgrown_old_shop, chequers_serial_rivers_marsh,
          uniq_sonja
D:13:     layout_basic
D:14:     layout_roguey, grunt_vaults_entry_fortified, hangedman_glass_teeth
D:15:     grunt_enter_depths_snipers, layout_long_grid,
          hangedman_decor_peaks_small
Lair:1:   layout_layer_cave, gammafunk_ghost_berserking_beasts
Lair:2:   layout_misc_corridors, swamp_mist, serial_bayou_shore_a
Lair:3:   layout_concentric_octagons, gammafunk_ghost_abyssal_escape,
          kennysheep_basilisk_garden, grunt_megastairs_4,
          minmay_lair_oklob_chamber
Lair:4:   layout_roguey, dummy_snake_entry, lemuel_fruit_fields,
          lemuel_fruit_tree
Lair:5:   layout_gridlike, minmay_slime_entry_pillars, beast_lair_carwin_10
Lair:6:   hangedman_lair_caniforms_friends, layout_regular_city,
          hangedman_lair_in_review, lemuel_fruit_fields
Swamp:1:  layout_falls_marsh, evilmike_swamp_ruin_house_1, uniq_donald
Swamp:2:  layout_basic_swamp, serial_swamp_ruin, evilmike_swamp_ruin_rubble_1,
          evilmike_swamp_ruin_rubble_2
Swamp:3:  cheibrodos_swamp_heart_of_darkness, layout_basic_swamp,
          portal_ice_cave_entry_pillars_2, hangedman_swamp_ruin_wall,
          infiniplex_staircase_pool_2
Swamp:4:  swamp_vile, layout_basic_swamp
Snake:1:  layout_onion_interference, serial_shops, shop_fountains, st_stairs_14
Snake:2:  layout_grid_maze, basic_altar, uniq_agnes, uniq_vashnia
Snake:3:  layout_rooms, minmay_shoptagon, grunt_megastairs_2, uniq_jorgrun
Snake:4:  snake_pit, layout_cave_town, serial_shops, shop, grunt_megastairs_5,
          uniq_mara
Orc:1:    layout_caves, gammafunk_ghost_smash
Orc:2:    st_orc_rangers, layout_caves, uniq_josephine
Elf:1:    eino_elf_arrival_shootout, layout_geoelf_diagonals, basic_altar,
          minivault_28
Elf:2:    layout_rooms, serial_shops, shop, einodemon_crawler_minivault
Elf:3:    grunt_elf_hall_branching, layout_geoelf_octagon, serial_shops, shop
Vaults:1: v_misc_12, nicolae_vaults_circle_grid_a, st_star,
          hangedman_vaults_trim, nicolae_vaults_little_squares_1,
          hangedman_vaults_restitches, hangedman_vaults_corner_blocks,
          nicolae_vaults_theta, dpeg_vaults_monster_box, ontoclasm_vaults_twist,
          nicolae_vaults_asterisk, layout_vaults_omnicross, serial_shops,
          nicolae_shop_window_shopping
Vaults:2: hangedman_vaults_unwind, vaults_mumra_hex, vaults_mumra_lcd,
          nicolae_vaults_yaktaur_gun_rack, nicolae_vaults_disjoint_gnomons,
          vaults_mumra_chevron_long, v_misc_22, vaults_standard_mumra_x,
          minmay_crypt_entry_necro_gods, nicolae_vaults_disjoint_gnomons,
          grunt_vaults_focal, ontoclasm_vaults_loading_screen,
          ontoclasm_vaults_misaligned, st_check, layout_vaults_maze_bifur,
          enter_trove_2, serial_glass, uniq_nikola
Vaults:3: nicolae_vaults_what_the_h, nicolae_vaults_sealed_display, v_misc_23,
          v_misc_13, ontoclasm_vaults_bender, v_misc_18, vaults_dpeg_ring,
          layout_vaults_omnigrid
Vaults:4: v_misc_5, ontoclasm_vaults_claustrophobia, vaults_dpeg_spiral,
          nicolae_vaults_stairing_the_circle, grunt_vaults_hallway_short,
          nicolae_vaults_c_with_doors, v_misc_29,
          nicolae_vaults_little_squares_2, nicolae_vaults_ring_of_whatevers,
          vaults_mumra_minichess_inversion, v_pattern_4,
          nicolae_vaults_mini_display_case, vaults_room_pool,
          nicolae_vaults_asterisk, layout_vaults_omnibox,
          serial_hangedman_research
Vaults:5
Crypt:1:  minmay_shadows, layout_basic, special_room [special_room_morgue],
          ebering_dispersal_statue_hall, grunt_crypt_arrival_split
Crypt:2:  layout_rooms, st_stairs_10
Crypt:3:  due_elkab, layout_chaotic_city, nicolae_tomb_entry_rubble_hallway,
          grunt_ministairs_8
Depths:1: layout_basic, ploomutoo_gammafunk_ghost_potion_laboratory,
          minmay_misc_feat_roman, hell_entry, rand_demon_pan_entry_9,
          kennysheep_underground_church
Depths:2: minmay_the_grid_plus_closed [minmay_the_grid_minigrid_large,
          minmay_the_grid_plusring, minmay_the_grid_box_x,
          minmay_the_grid_gridbox, minmay_the_grid_prize_four_corners],
          layout_gridlike, hangedman_tar_grid_catacomb, serial_sigils,
          serial_sigils_hangedman_scar, serial_sigils_hangedman_writhe,
          serial_sigils_hangedman_gnaw, serial_sigils_hangedman_leer,
          serial_sigils_hangedman_scratch, uniq_saint_roka
Depths:3: minmay_shrinking_squares, layout_cave_pools, minmay_misc_feat_tiny,
          grunt_mini_vestibule, pan_entry
Depths:4: minmay_guarded_unrand_majin_bo, layout_cave_shapes,
          abyss_entry_flame_altar, hell_entry, pan_entry, serial_shops,
          shop_statue, shop, kennysheep_mini_moat, nicolae_shop_stone,
          minmay_crystal_room, hangedman_aviary, firewood_loft,
          grunt_megastairs_1, serial_bayou_shore_b
Depths:5: evilmike_zot_entry_hall, layout_gridlike, enter_ziggurat_d,
          minmay_fountain_box, hell_entry, uniq_mennas, uniq_jory, uniq_margery
Zot:1:    layout_gridlike
Zot:2:    layout_misc_corridors, gammafunk_ghost_abyssal_escape,
          st_small_dragon_hoard_1
Zot:3:    layout_basic, basic_altar, st_single_dragon_hoard_3
Zot:4:    gammafunk_sealed_library, layout_concentric_octagons, st_stairs_7,
          lemuel_elevator
Zot:5:    layout_misc_corridors, grunt_ministairs_12, st_stairs_7

Skill      XL: |  1  2  3  4  5  6  7  8  9 10 11 12 13 14 15 16 17 18 19 20 21 22 23 24 25 26 27 |
---------------+----------------------------------------------------------------------------------+-----
Maces & Flails | 3 4 5 6 7 9 10 11 12 13 14 15 16 17 18 19 20 21 22 23 | 23.8
Evocations     | 2 3 4 5 6 7 8 9 10 11 12 13 14 15 16 17 18 | 18.6
Dodging        | 2 3 4 5 6 7 8 9 10 11 12 13 14 15 | 15.6
Fighting       | 4 5 6 7 9 11 12 13 14 15 16 17 18 19 20 21 22 23 | 23.6
Armour         | 4 5 6 7 9 10 11 12 13 14 15 16 17 18 | 18.7
Shields        | 4 5 6 7 9 10 11 12 13 14 15 16 17 18 19 | 19.6
Stealth        | 4 5 7 8 10 11 12 13 14 15 17 | 17.3

Action                   |  1- 3 |  4- 6 |  7- 9 | 10-12 | 13-15 | 16-18 | 19-21 | 22-24 | 25-27 || total
-------------------------+-------+-------+-------+-------+-------+-------+-------+-------+-------++-------
Melee: Flail             |   130 |   287 |   441 |       |       |       |       |       |       ||   858
       Morningstar       |       |       |    44 |   537 |  1700 |       |       |       |       ||  2281
       Whip              |       |       |       |   122 |       |       |       |       |       ||   122
       Demon whip        |       |       |       |       |   152 |  1405 |  1824 |  2141 |  1436 ||  6958
       Broad axe         |       |       |       |       |       |    23 |       |       |       ||    23
       Sacred scourge    |       |       |       |       |       |       |       |       |   914 ||   914
Throw: Boomerang         |       |       |    45 |       |       |       |       |       |       ||    45
Invok: Potion Petition   |       |       |       |       |     1 |       |       |       |     1 ||     2
       Call Merchant     |       |       |       |       |     3 |       |       |     3 |       ||     6
       Bribe Branch      |       |       |       |       |       |       |       |     1 |     5 ||     6
 Abil: Fly               |       |       |       |       |     1 |       |       |       |       ||     1
Evoke: Wand              |       |       |     5 |     2 |     7 |    39 |     3 |     5 |     6 ||    67
  Use: Scroll            |     2 |     8 |     8 |     6 |    24 |    20 |     7 |    17 |    19 ||   111
       Potion            |       |     2 |     6 |     7 |     6 |     6 |     3 |     2 |    11 ||    43
 Stab: Invisible         |       |       |     6 |       |       |     7 |       |       |       ||    13
       Distracted        |       |       |     1 |     1 |    14 |    10 |     6 |    20 |    24 ||    76
       Confused          |       |       |       |       |       |       |     1 |     1 |       ||     2
       Sleeping          |       |       |       |       |       |       |       |       |    17 ||    17
Armor: Scale mail        |    70 |    23 |       |       |       |       |       |       |       ||    93
       Plate armour      |       |   196 |   370 |       |       |   476 |   603 |   723 |   848 ||  3216
       Chain mail        |       |       |    27 |   361 |   834 |   111 |       |       |       ||  1333
Dodge: Dodged            |    52 |    59 |   116 |   210 |   507 |   321 |   321 |   555 |   577 ||  2718
Block: Kite shield       |    67 |   197 |   298 |   376 |  1085 |   677 |   762 |  1056 |  1140 ||  5658
